 Dungeon Crawl Stone Soup version 0.26-a0-540-g8a0c9464d7 (webtiles) character file.

Game seed: 1759454390849563208

3612 HoaS the Grappler (level 10, -12/53 HPs)
             Began as a Gargoyle Gladiator on Aug 19, 2020.
             Was a Believer of Makhleb.
             Killed from afar by a gargoyle (18 damage)
             ... with a stone arrow
             ... on level 9 of the Dungeon.
             The game lasted 00:13:22 (6979 turns).

HoaS the Grappler (Gargoyle Gladiator)              Turns: 6979, Time: 00:13:23

Health: -12/53     AC: 19    Str: 21    XL:     10   Next: 11%
Magic:  10/10      EV:  6    Int:  9    God:    Makhleb [**....]
Gold:   458        SH:  0    Dex: 11    Spells: 9/9 levels left

rFire    + . .     SeeInvis .     - Unarmed
rCold    + . .     Faith    .   (no shield)
rNeg     + + .     Spirit   .   l - +0 plate armour
rPois    ∞         Reflect  .   b - +0 helmet
rElec    +         Harm     .   (no cloak)
rCorr    .                      u - +0 pair of gloves {archery}
MR       +....                  (no boots)
Stlth    ..........             o - amulet of regeneration
HPRegen  0.57/turn              q - ring of protection from magic
MPRegen  0.12/turn              s - ring "Soavet" {rElec rF+ rC+ rN+ Stlth+}

@: no status effects
A: negative energy resistance 1, electricity resistance, unbreathing,
petrification resistance, rot immunity, AC +7
a: Minor Destruction, Renounce Religion


You were on level 9 of the Dungeon.
You worshipped Makhleb.
Makhleb was pleased with you.
You visited 2 branches of the dungeon, and saw 10 of its levels.

You collected 458 gold pieces.

Inventory:

Missiles
 c - 2 throwing nets (quivered)
 d - 40 poisoned darts
 k - 6 boomerangs
Armour
 b - a +0 helmet (worn)
 l - a +0 plate armour (worn)
 u - a +0 pair of gloves of archery (worn)
Jewellery
 o - an amulet of regeneration (around neck)
 q - a ring of protection from magic (left hand)
 r - an uncursed ring of protection from cold
 s - the ring "Soavet" (right hand) {rElec rF+ rC+ rN+ Stlth+}
   (You found it on level 6 of the Dungeon)

   [ring of protection from fire]

   It protects you from fire.
   It protects you from cold.
   It insulates you from electricity.
   It protects you from negative energy.
   It makes you more stealthy.
Wands
 m - a wand of paralysis (8)
 w - a wand of acid (21)
 z - a wand of enslavement (10)
Scrolls
 a - 2 scrolls of identify
 h - 4 scrolls of remove curse
 x - 3 scrolls of magic mapping
Potions
 e - a potion of invisibility
 f - 2 potions of flight
 g - 3 potions of curing
 i - 6 potions of heal wounds
 j - a potion of resistance
 n - a potion of lignification
 p - 2 potions of haste
 t - 2 potions of mutation
 v - a potion of ambrosia {unknown}
 A - a potion of degeneration {unknown}


   Skills:
 - Level 2.1 Fighting
 - Level 1.7 Throwing
 - Level 2.4 Dodging
 + Level 13.9 Unarmed Combat


You had 9 spell levels left.
You didn't know any spells.
Your spell library contained the following spells:

 Spells                   Type           Power        Failure   Level
 Beastly Appendage        Tmut           #.....       100%        1
 Magic Dart               Conj           #...         100%        1
 Blink                    Tloc           N/A          100%        2
 Call Imp                 Summ           #.......     100%        2
 Slow                     Hex            #.......     100%        2
 Wereblood                Tmut           #.......     100%        2
 Conjure Flame            Conj/Fire      #.......     100%        3
 Mephitic Cloud           Conj/Pois/Air  #.......     100%        3
 Spider Form              Tmut/Pois      #.........   100%        3
 Ice Form                 Ice/Tmut       #.......     100%        4
 Blade Hands              Tmut           #.........   100%        5


Dungeon Overview and Level Annotations

Branches:
Dungeon (9/15)             Temple (1/1) D:6
   Lair: D:8-11         Orc: D:9-12

Altars:
Ashenzari
Dithmenos
Elyvilon
Fedhas
Gozag
Hepliaklqana
Kikubaaqudgha
Makhleb
Nemelex Xobeh
Okawaru
Qazlal
Ru
Sif Muna
Trog
Uskayaw
Vehumet
Wu Jian
Xom
Yredelemnul
Zin
The Shining One

Shops:
D:6 :   D:8 [


Innate Abilities, Weirdness & Mutations

You are resistant to torment.
Your stone body is resilient. (AC +7)
You are immune to poison.
You resist negative energy. (rN+)
You are resistant to electric shocks. (rElec)
You can survive without breathing.
You are immune to petrification.
You are immune to rotting.


Message History

The gargoyle struggles against the net.
You hit the gargoyle but do no damage.
The gargoyle is moderately damaged.
The gargoyle struggles against the net.
You catch the helpless gargoyle completely off-guard!
You hit the gargoyle but do no damage.
The gargoyle is moderately damaged.
The gargoyle hurls a stone arrow at you.
The stone arrow hits you!
* * * LOW HITPOINT WARNING * * *
The gargoyle struggles against the net.
You hit the gargoyle.
The gargoyle is moderately damaged.
You completely miss the gargoyle.
The gargoyle is moderately damaged.
Your plate armour prevents you from hitting the gargoyle.
The gargoyle is moderately damaged.
The gargoyle hurls a stone arrow at you.
The stone arrow hits you!!
You die...

#.......#...... ..
#.......#.......##.....
.##.......##.......#.....
...........+...###.#..... ...
........<..#...# #.#..... ...
......... #...###.#..... ....
..... #.......#.....
....#########'######.......######
...............9@................
#...............###..............
#...............# #..............
#.....$.........# #..............
#...............# #..####........
#...............###..####...#####
#...........................#####
.................................
.................................


You could see a gargoyle (caught).

Vanquished Creatures
  Grinder (D:5)
  A hippogriff (D:6)
  Prince Ribbit (D:9)
  Grum (D:8)
  A porcupine (D:9)
  An orc warrior (D:7)
  A sky beast (D:7)
  4 ice beasts
  2 ogres
  2 phantoms
  3 wolves (D:8)
  3 centaurs
  6 bullfrogs
  2 scorpions
  A howler monkey (D:4)
  A centaur zombie (D:8)
  2 jellies
  2 hounds
  An orc priest (D:7)
  3 iguanas
  5 orc wizards
  Natasha (thrice) (D:2)
  A centaur skeleton (D:5)
  A statue (D:4)
  3 worker ants
  A hound zombie (D:7)
  12 adders
  3 shadow imps
  A white imp (D:4)
  2 ufetubi
  2 adder skeletons
  4 dart slugs
  A leopard gecko (D:1)
  16 orcs
  3 giant cockroaches
  9 goblins
  8 hobgoblins
  18 jackals
  2 quokkas
  2 ball pythons (D:3)
  7 bats
  4 frilled lizards
  A giant cockroach zombie (D:5)
  A jackal zombie (D:3)
  6 kobolds
  A leopard gecko skeleton (D:5)
  9 rats
165 creatures vanquished.

Vanquished Creatures (collateral kills)
  A hound (D:8)
  A quokka (D:8)
2 creatures vanquished.

Vanquished Creatures (others)
  A fungus (D:9)
1 creature vanquished.

Grand Total: 168 creatures vanquished

Notes
Turn   | Place    | Note
-------+----------+-------------------------------------------
     0 | D:1      | HoaS the Gargoyle Gladiator began the quest for the Orb.
     0 | D:1      | Reached XP level 1. HP: 12/12 MP: 1/1
    53 | D:1      | Reached XP level 2. HP: 9/17 MP: 2/2
   609 | D:1      | Reached skill level 4 in Unarmed Combat
   886 | D:2      | Noticed Natasha
   892 | D:2      | Killed Natasha
   892 | D:2      | Reached XP level 3. HP: 12/21 MP: 3/3
  1109 | D:2      | Noticed Natasha
  1130 | D:2      | Reached XP level 4. HP: 25/26 MP: 4/4
  1145 | D:2      | Killed Natasha
  1145 | D:2      | Reached skill level 5 in Unarmed Combat
  1624 | D:2      | Noticed Natasha
  1630 | D:2      | Killed Natasha
  1630 | D:2      | Reached XP level 5. HP: 22/30 MP: 5/5
  2108 | D:3      | Reached skill level 6 in Unarmed Combat
  2454 | D:3      | Found an opulent altar of Gozag.
  2509 | D:3      | Reached XP level 6. HP: 19/35 MP: 6/6
  2858 | D:3      | Reached skill level 7 in Unarmed Combat
  3186 | D:4      | Noticed a phantom
  3240 | D:4      | Killed a phantom
  3240 | D:4      | Reached XP level 7. HP: 23/40 MP: 7/7
  3529 | D:4      | Found a radiant altar of Vehumet.
  3636 | D:5      | Entered Level 5 of the Dungeon
  3660 | D:5      | Reached skill level 8 in Unarmed Combat
  3689 | D:5      | Noticed Grinder
  3689 | D:5      | Paralysed by Grinder for 3 turns
  3961 | D:5      | Killed Grinder
  3961 | D:5      | Reached skill level 9 in Unarmed Combat
  4042 | D:5      | Reached XP level 8. HP: 12/44 MP: 8/8
  4101 | D:5      | Found a shimmering blue altar of Sif Muna.
  4365 | D:5      | Found a sparkling altar of Nemelex Xobeh.
  4543 | D:6      | Found Nelu's Book Boutique.
  4597 | D:6      | Reached skill level 10 in Unarmed Combat
  4599 | D:6      | Got a pitted iron ring
  4608 | D:6      | Identified the ring "Soavet" {rElec rF+ rC+ rN+ Stlth+}
                  | (You found it on level 6 of the Dungeon)
  4817 | D:6      | Noticed a hippogriff
  4831 | D:6      | Killed a hippogriff
  4831 | D:6      | Reached skill level 11 in Unarmed Combat
  4836 | D:6      | Found a blossoming altar of Fedhas.
  4956 | D:6      | Found a staircase to the Ecumenical Temple.
  4973 | Temple   | Entered the Ecumenical Temple
  5301 | Temple   | Became a worshipper of Makhleb the Destroyer
  5352 | D:6      | Reached XP level 9. HP: 9/48 MP: 9/9
  5621 | D:7      | Reached skill level 12 in Unarmed Combat
  5714 | D:7      | Found a bloodstained altar of Trog.
  5748 | D:7      | Reached * piety under Makhleb
  5836 | D:7      | Found an iron altar of Okawaru.
  5876 | D:7      | Found an ancient bone altar of Kikubaaqudgha.
  5881 | D:7      | Found a hide-covered altar of Uskayaw.
  5881 | D:7      | Found a shadowy altar of Dithmenos.
  5882 | D:7      | Found a glowing silver altar of Zin.
  6114 | D:8      | Noticed Grum
  6133 | D:8      | Killed Grum
  6345 | D:8      | Found Meulonwuqo's Antique Armour Shoppe.
  6361 | D:8      | Reached skill level 13 in Unarmed Combat
  6560 | D:8      | Found a sacrificial altar of Ru.
  6783 | D:9      | Reached ** piety under Makhleb
  6901 | D:9      | Reached XP level 10. HP: 53/53 MP: 10/10
  6925 | D:9      | Noticed Prince Ribbit
  6930 | D:9      | Killed Prince Ribbit
  6946 | D:9      | Noticed a gargoyle
  6979 | D:9      | Killed from afar by a gargoyle

Illustrated notes

Levels and vault maps discovered:
D:1:      shiori_arrival_elements, layout_loops_ring, minmay_misc_feat_pillars,
          hangedman_decor_riveting
D:2:      layout_loops_ring, minmay_pentomino_t4, uniq_natasha
D:3:      layout_loops_ring, lemuel_doored_altar, chequers_serial_rivers_micro_b
D:4:      layout_cave_pools, vehumet_statue
D:5:      layout_rooms, lemuel_crystal_altar, nemelex_altar_shiori, uniq_grinder
D:6:      layout_basic, overflow_temple_1_default,
          minmay_temple_entry_mini_moons, serial_shops, shop, kb_rosetta
D:7:      layout_cave_pools, lemuel_crystal_altar, minitemple,
          chequers_arboretum
D:8:      layout_loops_cross, nicolae_ru_path_of_blood, serial_shops,
          kennysheep_mini_moat, minivault_11, uniq_grum
D:9:      layout_stronghold, kennysheep_mini, grunt_lair_entry_orc_guard_hut,
          uniq_prince_ribbit1, uniq_harold
Temple:   compressed_dpeg_triangle_lava_temple

Skill      XL: |  1  2  3  4  5  6  7  8  9 |
---------------+----------------------------+-----
Unarmed Combat | 4 5 6 7 9 11 13 | 13.9
Fighting       | |  2.1
Throwing       | |  1.7
Dodging        | |  2.4

Action                   |  1- 3 |  4- 6 |  7- 9 | 10-12 || total
-------------------------+-------+-------+-------+-------++-------
Melee: Unarmed           |   113 |   283 |   349 |    21 ||   766
       Punch             |     1 |     2 |    11 |     1 ||    15
Throw: Throwing net      |       |       |       |     1 ||     1
  Use: Scroll            |     3 |     7 |    11 |       ||    21
 Stab: Held in net/web   |       |       |       |     1 ||     1
Armor: Leather armour    |    45 |    24 |       |       ||    69
       Plate armour      |       |   143 |   257 |     4 ||   404
       Ring mail         |       |    11 |       |       ||    11
Dodge: Dodged            |    71 |   106 |   122 |     1 ||   300

Table legend: (Time is in decaauts)
 A = Elapsed time spent in this place.
 B = Non-inter-level travel time spent in this place.
 C = Inter-level travel time spent in this place.
 D = Time resting spent in this place.
 E = Time spent auto-exploring this place.
 F = Levels seen in this place.
 G = Mean time per level.
                   A        B        C        D        E       F      G
               +--------+--------+--------+--------+--------+-----+--------+
         Total |   6862 |   6651 |    211 |   1218 |   4073 |  10 |  686.2 |
       Dungeon |   6523 |   6312 |    211 |   1218 |   3766 |   9 |  724.8 |
        Temple |    338 |    338 |      0 |      0 |    307 |   1 |  338.0 |
               +--------+--------+--------+--------+--------+-----+--------+

Top non-repeatable levels by time:
     D:3: 1096 daAuts
     D:2: 1073 daAuts
     D:1: 851 daAuts
     D:4: 796 daAuts
     D:6: 692 daAuts
     D:8: 677 daAuts
     D:5: 577 daAuts
     D:7: 525 daAuts
  Temple: 338 daAuts
     D:9: 232 daAuts
